Map: Ascension to Aiur LE

Players

Honor - Winner!

  • Race: Protoss Protoss
  • League: Master
  • Spawn Location: 11:00

HloKeY

  • Race: Terran Terran
  • League: Grandmaster
  • Spawn Location: 5:00

VOD

Have the link to the VOD?

Description

BO from a GM protoss clan mate

Time

  • Played on: June 23, 2017, 1:31 p.m.
  • Length: 8:23
Show
View Real Time Build Order
Export as new Build Order

Honor Protoss - Winner!

Build Orders: 1 Gate Expand 

Get SALT Encoding   

  12  0:01  Probe (Chrono Boost)  
  13  0:11  Probe (Chrono Boost)  
  14  0:18  Pylon  
  14  0:22  Probe (Chrono Boost)  
  15  0:36  Probe (Chrono Boost)  
  15  0:38  Gateway  
  16  0:43  Assimilator  
  16  0:46  Probe (Chrono Boost)  
  17  0:57  Probe (Chrono Boost)  
  18  1:08  Probe (Chrono Boost)  
  19  1:18  Probe (Chrono Boost)  
  20  1:24  Nexus  
  20  1:30  Nexus  
  20  1:40  Cybernetics Core  
  20  1:44  Probe (Chrono Boost)  
  21  1:48  Assimilator  
  21  1:54  Probe (Chrono Boost)  
  21  1:59  Pylon  
  22  2:05  Probe (Chrono Boost)  
  23  2:18  Adept, Mothership Core (Chrono Boost)  
  27  2:24  Warp Gate  
  27  2:36  Probe (Chrono Boost)  
  28  2:42  Probe (Chrono Boost)  
  29  2:46  Forge  
  29  2:47  Probe (Chrono Boost)  
  29  2:48  Twilight Council  
  30  2:53  Probe (Chrono Boost)  
  30  2:57  Probe (Chrono Boost)  
  32  3:03  Probe (Chrono Boost)  
  33  3:08  Probe (Chrono Boost)  
  33  3:11  Robotics Facility  
  34  3:14  Probe (Chrono Boost)  
  34  3:18  Probe (Chrono Boost)  
  36  3:23  Protoss Ground Weapons Level 1  
  36  3:24  Probe (Chrono Boost)  
  37  3:29  Probe (Chrono Boost)  
  38  3:35  Probe (Chrono Boost)  
  38  3:38  Pylon  
  38  3:40  Probe (Chrono Boost)  
  40  3:45  Probe (Chrono Boost), Resonating Glaives (Chrono Boost)  
  41  3:50  Probe (Chrono Boost)  
  41  3:53  Warp Prism  
  42  3:56  Probe (Chrono Boost)  
  42  4:01  Probe  
  46  4:03  Gateway  
  46  4:08  Gateway  
  46  4:10  Gateway  
  46  4:12  Probe  
  47  4:18  Pylon  
  47  4:22  Photon Cannon  
  47  4:27  Observer, Adept  
  47  4:28  Assimilator  
  50  4:35  Pylon  
  50  4:37  Photon Cannon  
  50  4:38  Probe  
  51  4:39  Probe  
  52  4:50  Probe  
  53  4:59  Probe  
  53  5:02  Probe  
  54  5:07  Adept x3  
  54  5:08  Adept  
  62  5:17  Nexus  
  62  5:22  Protoss Ground Armor Level 1 (Chrono Boost)  
  62  5:28  Adept x2  
  60  5:30  Adept  
  60  5:33  Adept  
  62  5:36  Observer  
  61  5:46  Blink (Chrono Boost)  
  59  5:50  Adept x3  
  59  5:51  Adept  
  59  5:52  Probe x2  
  69  6:00  Pylon  
  69  6:02  Pylon  
  69  6:04  Probe  
  70  6:28  Immortal  
  70  6:30  Probe  
  65  6:34  Adept x4  
  65  6:35  Probe  
  65  6:38  Gateway  
  65  6:39  Gateway  
  78  6:44  Probe  
  78  6:45  Gateway  
  79  6:48  Gateway  
  79  6:55  Adept  
  79  6:56  Adept, Sentry x2  
  79  6:58  Probe  
  79  6:59  Probe  
  79  7:00  Probe  
  90  7:07  Pylon  
  90  7:11  Probe  
  90  7:13  Pylon  
  90  7:15  Probe  
  91  7:16  Immortal, Probe  
  97  7:26  Probe  
  97  7:28  Pylon  
  97  7:29  Pylon  
  98  7:32  Pylon  
  98  7:35  Adept x2  
  98  7:36  Sentry  
  104  7:48  Adept  
  106  7:57  Adept  
  106  7:58  Adept  
  114  8:01  Adept x2  
  114  8:04  Adept  
  114  8:05  Adept x2  
  120  8:18  Adept x2  
  120  8:19  Adept  
Show
View Real Time Build Order
Export as new Build Order

HloKeY Terran 

Build Orders: Reaper Expand, MMM Bio 

Get SALT Encoding   

  12  0:00  SCV  
  13  0:12  SCV  
  14  0:17  Supply Depot  
  14  0:24  SCV  
  15  0:30  Refinery  
  15  0:39  SCV  
  16  0:45  Barracks  
  16  0:51  SCV  
  17  1:03  SCV  
  18  1:15  SCV  
  19  1:32  Orbital Command, Reaper  
  20  1:44  Command Center  
  20  1:54  Factory  
  20  1:58  SCV  
  21  2:03  Refinery  
  21  2:08  Barracks Reactor  
  21  2:10  SCV  
  21  2:15  Supply Depot  
  22  2:23  SCV  
  23  2:36  SCV  
  24  2:40  Widow Mine  
  24  2:43  Starport, Marine  
  24  2:44  Marine  
  28  2:49  SCV  
  29  3:00  Orbital Command  
  29  3:01  Marine x2  
  29  3:05  SCV  
  32  3:10  Widow Mine  
  34  3:19  SCV  
  35  3:20  Marine  
  35  3:21  Barracks  
  35  3:25  SCV  
  37  3:31  Medivac, SCV  
  39  3:38  SCV  
  39  3:40  Supply Depot, Marine  
  41  3:42  Factory Tech Lab  
  41  3:43  SCV  
  42  3:50  SCV  
  42  3:51  Engineering Bay  
  43  3:55  SCV  
  43  3:58  Marine  
  43  4:00  Marine  
  43  4:02  SCV  
  47  4:05  Supply Depot  
  47  4:10  Barracks  
  47  4:11  SCV  
  47  4:13  Starport Tech Lab  
  47  4:15  SCV  
  49  4:17  Factory Tech Lab  
  49  4:20  Terran Infantry Weapons Level 1  
  49  4:22  Stimpack  
  49  4:23  SCV  
  50  4:26  Marine  
  50  4:27  SCV  
  52  4:32  Supply Depot  
  52  4:35  SCV  
  52  4:37  Marine  
  54  4:40  Supply Depot, SCV, Marine  
  56  4:47  SCV, Refinery  
  56  4:52  SCV  
  58  4:53  Starport Reactor  
  58  4:54  Marine  
  58  4:56  Siege Tank  
  58  4:58  Supply Depot  
  58  4:59  SCV  
  61  5:05  SCV  
  62  5:10  Marine, Marauder  
  62  5:11  SCV  
  66  5:15  Supply Depot, Marine, Marauder  
  66  5:18  SCV  
  68  5:24  SCV  
  60  5:30  SCV  
  60  5:31  Marine  
  60  5:33  Marauder  
  60  5:34  Medivac x2  
  63  5:37  SCV  
  63  5:42  SCV  
  65  5:44  Marine, Marauder  
  66  5:53  Marine  
  66  5:56  Combat Shields  
  64  6:02  Marine, Marauder  
  66  6:05  SCV  
  66  6:10  Marauder  
  66  6:11  SCV  
  66  6:17  SCV  
  66  6:18  Marine  
  66  6:19  Siege Tank  
  68  6:25  SCV  
  68  6:29  Barracks  
  68  6:30  SCV, Barracks, Marauder  
  65  6:34  Marine, Marauder  
  65  6:37  SCV  
  65  6:39  Refinery  
  69  6:43  SCV, Marine  
  71  6:49  SCV  
  71  6:51  Marauder  
  70  6:55  SCV, Marine  
  70  6:57  Marauder  
  70  7:00  Siege Tank  
  77  7:02  SCV  
  77  7:07  SCV  
  79  7:09  Supply Depot  
  79  7:10  Marine  
  79  7:14  SCV, Concussive Shells  
  80  7:19  Barracks Reactor, SCV, Barracks Tech Lab  
  81  7:23  Marine  
  81  7:24  Marauder  
  81  7:26  SCV  
  81  7:27  Medivac  
  87  7:30  Marine  
  87  7:31  SCV  
  87  7:32  Marine  
  90  7:38  SCV  
  90  7:39  Marine  
  90  7:42  Marine  
  89  7:45  Marauder  
  89  7:47  Marine  
  93  7:57  Marine x2  
  93  7:58  Marine  
  93  8:00  Marine  
  93  8:07  SCV  
Tags
 
Add a new tag
Caveats
  • Supply blocks, unpowered buildings, or Contaminate may cause inaccurate times.
  • Supply counts are checked every 10 seconds.